 Dungeon Crawl Stone Soup version 0.29-a0-43-g62a80824bf (webtiles) character file.

Game seed: 4087357343477678954

4860 enile the Fighter (level 10, -15/85 HPs)
             Began as a Formicid Fighter on Feb 3, 2022.
             Was an Elder of Lugonu.
             Killed from afar by a salamander mystic (23 damage)
             ... with a bolt of magma
             ... in a volcano.
             The game lasted 00:21:54 (13088 turns).

enile the Fighter (Formicid Fighter)               Turns: 13088, Time: 00:21:54

Health: -15/85     AC: 11    Str: 23    XL:     10   Next: 78%
Magic:  0/13       EV:  5    Int:  8    God:    Lugonu [****..]
Gold:   291        SH: 14    Dex: 14    Spells: 9/9 levels left

rFire   . . .      SeeInvis +   k - +0 great sword
rCold   + . .      Faith    .   h - +0 tower shield
rNeg    . . .      Spirit   +   n - +1 chain mail
rPois   +          Reflect  .   (helmet unavailable)
rElec   .          Harm     .   (no cloak)
rCorr   .          Rampage  .   (no gloves)
Will    +....                   (no boots)
Stlth   +.........              m - amulet of guardian spirit
HPRegen 0.24/turn               G - ring of Qorpho {Fly rPois rC+ Dex+2 Stlth+}
MPRegen 0.13/turn               (no ring)

@: flying
A: permanent stasis, dig shafts and tunnels, antennae 3, four strong arms
a: Dig, Renounce Religion, Depart the Abyss, Bend Space, Banish, Corrupt


You were in a volcano.
You worshipped Lugonu.
Lugonu was greatly pleased with you.
You visited 2 branches of the dungeon, and saw 10 of its levels.
You also visited: Volcano.

You collected 291 gold pieces.

Inventory:

Hand Weapons
 a - a +0 quarterstaff
 k - a +0 great sword (weapon)
 s - a +1 war axe of electrocution
 t - a +2 quarterstaff of chaos
Missiles
 r - 11 poisoned darts
Armour
 b - a +0 scale mail
 c - a +0 buckler
 h - a +0 tower shield (worn)
 j - an orb of energy
 n - a +1 chain mail (worn)
 v - a +0 cloak
 y - a +0 pair of boots
 C - a +0 troll leather armour
Jewellery
 m - an amulet of guardian spirit (around neck)
 G - the ring of Qorpho (left hand) {Fly rPois rC+ Dex+2 Stlth+}
   (You acquired it in a volcano)

   [ring of flight]

   Dex:       It affects your dexterity (+2).
   rC:        It protects you from cold.
   rPois:     It protects you from poison.
   Fly:       It grants you flight.
   Stlth:     It makes you more stealthy.
Wands
 d - a wand of polymorph (4)
 l - a wand of mindburst (7) (quivered)
 q - a wand of digging (15)
 A - a wand of paralysis (10)
Scrolls
 i - 5 scrolls of teleportation
 u - a scroll of fear
 z - 2 scrolls of magic mapping
Potions
 f - a potion of lignification
 g - 2 potions of attraction
 o - 3 potions of haste
 p - a potion of flight
 x - a potion of might
 B - 2 potions of invisibility {unknown}
 D - a potion of magic
 E - a potion of curing
 F - a potion of cancellation {unknown}


   Skills:
 - Level 10.0 Fighting
 - Level 6.0 Long Blades
 - Level 2.0 Staves
 - Level 2.0 Throwing
 - Level 7.0 Armour
 + Level 4.6 Stealth
 - Level 7.0 Shields
 - Level 4.0 Invocations
 - Level 6.0 Evocations


You had 9 spell levels left.
You didn't know any spells.
Your spell library contained the following spells:

 Spells                   Type           Power      Damage    Failure   Level
 Animate Skeleton         Necr           0%         N/A       100%        1
 Apportation              Tloc           0%         N/A       100%        1
 Pain                     Necr           0%         1d4       100%        1
 Summon Small Mammal      Summ           0%         N/A       100%        1
 Static Discharge         Conj/Air       0%         N/A       100%        2
 Frozen Ramparts          Ice            0%         1d2       100%        3
 Dispel Undead            Necr           0%         3d6       100%        4
 Ice Form                 Ice/Tmut       0%         N/A       100%        4
 Sticky Flame             Conj/Fire      0%         2d3       100%        4
 Summon Ice Beast         Ice/Summ       0%         N/A       100%        4
 Agony                    Necr           0%         N/A       100%        5
 Excruciating Wounds      Necr           0%         N/A       100%        5


Dungeon Overview and Level Annotations

Branches:
Dungeon (9/15)             Temple (0/1) D:4            Lair (1/6) D:8
Volcano (1/1)
    Orc: D:9-12

Altars:
Elyvilon
Lugonu

Shops:
D:8 (

Portals:
Abyss: Lair:1

Annotations:
D:7 2 transporters Volcano corrupted


Innate Abilities, Weirdness & Mutations

You cannot be hasted, slowed, berserked, paralysed or teleported.
You can dig through walls and to a lower floor.
You have a pair of large antennae on your head. (SInv)
Your four strong arms can wield two-handed weapons with a shield.


Message History

There is a rocky tunnel leading out of this place here.
There are monsters nearby!
There are monsters nearby!
The raiju bites you but does no damage.
You see here a +0 trident.
A smoke demon opens the door.
The vampire disappears in a puff of smoke!
The raiju disappears in a puff of smoke!
The large abomination disappears in a puff of smoke!
The smoke demon disappears in a puff of smoke!
Found a runed shortbow.
Found a flail.
Found 2 poisoned darts.
Things that are here:
a +0 shortbow of flaming; 9 arrows; a salamander corpse A salamander mystic comes into view.
It is wielding a +0 dagger.
You block the salamander mystic's attack.
You slice the salamander mystic!!
The salamander mystic is severely wounded.
You block the salamander mystic's attack.
The salamander mystic barely misses you.
You slash the salamander mystic!
The salamander mystic is almost dead.
The salamander mystic points at you and mumbles some strange words.
The bolt of magma hits you!
The salamander mystic points at you and mumbles some strange words.
The lance of force hits you!
You are knocked back by the lance of force.
You slam into the stone wall!
The salamander mystic casts a spell at you.
The bolt of magma hits you!!
* * * LOW HITPOINT WARNING * * *
Space bends around you!
You blink.
Aiming: Mindburst
Press: ? - help, Q - select action, (/) - cycle Shift-Dir - straight line, f - salamander mystic
Aim: a salamander mystic, wielding a +0 dagger and wearing a +0 robe (translocational energy, severely wounded, chance to affect: 53%)
The salamander mystic's mind is blasted!
The salamander mystic gestures at you while chanting.
The bolt of magma hits you!!
You die...

#######...#..#§####.###.###
.......8...#.§.§........≈≈#
.........⌠....§.()......≈≈#
#######...).#######.##..###
#..#..# ########.##
#8....###(##)# #..#
#######.#.##.###..#
#..#..#.......#
#...N.@.......#
#.'############ #... #.#.
#≈≈≈ # ≈≈ ≈≈≈ ≈≈≈


You could see a salamander mystic.

Vanquished Creatures
  A komodo dragon (Lair:1)
  A troll (D:8)
  Grinder (D:6)
  A wind drake (Volcano)
  Sigmund (D:6)
  A wyvern (D:8)
  A steam dragon (D:8)
  A water moccasin (D:8)
  A hornet zombie (D:8)
  2 ice beasts (D:7)
  A black bear (D:5)
  A necrophage (D:6)
  An ogre (D:5)
  4 wolves (D:8)
  2 centaurs
  A phantom (D:5)
  A kobold brigand (D:8)
  Blork the orc (D:6)
  2 bullfrogs (D:7)
  A scorpion (D:7)
  A wyvern skeleton (D:6)
  A water moccasin skeleton (D:4)
  3 wights (D:7)
  4 electric eels (D:8)
  A bullfrog zombie (D:7)
  A centaur zombie (D:7)
  10 hounds
  Crazy Yiuf (D:6)
  A bullfrog skeleton (D:5)
  A centaur skeleton (D:7)
  5 orc priests
  Ijyb (D:4)
  Natasha (D:3)
  2 iguanas
  4 orc wizards
  A scorpion zombie (D:5)
  A hound skeleton (D:4)
  Robin (D:3)
  5 gnolls
  6 adders
  A howler monkey skeleton (D:7)
  2 white imps
  An ufetubus (D:6)
  4 worms
  4 dart slugs
  21 orcs
  6 bats
  4 endoplasms
  5 giant cockroaches
  8 hobgoblins
  3 jackals (D:1)
  3 quokkas
  7 ball pythons
  2 frilled lizards
  20 goblins
  12 kobolds
  4 rats
  A lurking horror (Lair:1)
185 creatures vanquished.

Vanquished Creatures (collateral kills)
  3 orcs (D:3)
3 creatures vanquished.

Vanquished Creatures (others)
  3 salamanders (Volcano)
  A cyclops (Volcano)
  3 gargoyles (Volcano)
  An orc wizard (D:8)
  2 kobolds (D:8)
  A fungus (D:1)
  2 plants (D:1)
13 creatures vanquished.

Grand Total: 201 creatures vanquished

Notes
Turn   | Place    | Note
-------+----------+-------------------------------------------
     0 | D:1      | enile the Formicid Fighter began the quest for the Orb.
     0 | D:1      | Reached XP level 1. HP: 18/18 MP: 1/1
   143 | D:1      | Reached XP level 2. HP: 25/25 MP: 2/2
   175 | D:1      | Reached skill level 4 in Fighting
   291 | D:1      | Reached XP level 3. HP: 30/31 MP: 3/3
   302 | D:1      | Found a faded altar of an unknown god.
   309 | D:1      | Prayed at the altar of an unknown god.
   309 | D:1      | Became a worshipper of Lugonu the Unformed
   309 | D:1      | Reached * piety under Lugonu
   309 | D:1      | Reached ** piety under Lugonu
   921 | D:2      | Reached skill level 5 in Fighting
  1165 | D:2      | Reached XP level 4. HP: 24/39 MP: 4/4
  1333 | D:2      | Reached skill level 1 in Long Blades
  1999 | D:3      | Noticed Robin
  2006 | D:3      | Reached *** piety under Lugonu
  2027 | D:3      | Reached skill level 1 in Stealth
  2032 | D:3      | Killed Robin
  2033 | D:3      | Reached XP level 5. HP: 9/44 MP: 5/5
  2898 | D:3      | Noticed Natasha
  2921 | D:3      | Killed Natasha
  3490 | D:4      | Reached XP level 6. HP: 51/51 MP: 6/6
  3892 | D:4      | Found a staircase to the Ecumenical Temple.
  4185 | D:4      | Noticed an orc warrior
  4196 | D:4      | an orc warrior changed into a gnoll
  4856 | D:4      | Reached **** piety under Lugonu
  4969 | D:4      | Reached skill level 5 in Armour
  5000 | D:5      | Entered Level 5 of the Dungeon
  5087 | D:5      | Noticed Ijyb
  5087 | D:5      | Noticed a black bear
  5107 | D:5      | Reached XP level 7. HP: 38/56 MP: 7/7
  5115 | D:4      | Killed Ijyb
  5852 | D:5      | Reached skill level 5 in Shields
  5852 | D:5      | Reached XP level 8. HP: 2/62 MP: 6/8
  6543 | D:5      | Reached skill level 6 in Fighting
  7165 | D:6      | Noticed Sigmund
  7178 | D:6      | Killed Sigmund
  7179 | D:6      | Reached skill level 7 in Fighting
  7401 | D:6      | Noticed Grinder
  7411 | D:6      | Killed Grinder
  7412 | D:6      | Reached skill level 5 in Long Blades
  7471 | D:6      | Reached XP level 9. HP: 68/74 MP: 9/9
  7474 | D:6      | Reached skill level 8 in Fighting
  7474 | D:6      | Reached skill level 1 in Invocations
  7648 | D:6      | Found a runed translucent door.
  7649 | D:6      | Noticed Crazy Yiuf
  7819 | D:6      | Noticed Blork the orc
  7823 | D:6      | Killed Blork the orc
  8063 | D:6      | Killed Crazy Yiuf
  9033 | D:7      | Found a transporter.
  9183 | D:7      | Found a transporter.
  9347 | D:7      | Noticed a two-headed ogre
  9358 | D:7      | Banished a two-headed ogre
  9359 | D:7      | Reached skill level 9 in Fighting
  9359 | D:7      | Reached skill level 1 in Evocations
  9363 | D:7      | Reached XP level 10. HP: 57/83 MP: 6/13
  9732 | D:7      | Found a white marble altar of Elyvilon.
 10512 | D:8      | Found Zyruabb's Weapon Shoppe.
 10901 | D:8      | Reached skill level 1 in Throwing
 11472 | D:8      | Reached skill level 10 in Fighting
 11805 | D:8      | Found a staircase to the Lair.
 12330 | D:8      | Reached skill level 5 in Evocations
 12579 | D:9      | Noticed a two-headed ogre
 12600 | Lair:1   | Entered Level 1 of the Lair of Beasts
 12646 | Lair:1   | Noticed a komodo dragon
 12653 | Lair:1   | Killed a komodo dragon
 12665 | Lair:1   | Found a one-way gate to the infinite horrors of the Abyss.
 12669 | Lair:1   | Found a corrupted altar of Lugonu.
 12705 | Lair:1   | Found a dark tunnel.
 12853 | Volcano  | Entered a volcano
 12859 | Volcano  | Noticed a salamander
 12861 | Volcano  | a salamander changed into a wind drake
 12876 | Volcano  | Identified a scroll of acquirement
 12877 | Volcano  | Acquired the ring of Qorpho {Fly rPois rC+ Dex+2 Stlth+}
 12969 | Volcano  | Noticed a cyclops
 12969 | Volcano  | Noticed a salamander
 12972 | Volcano  | Noticed a salamander
 12976 | Volcano  | Corrupted Volcano
 12976 | Volcano  | Noticed a smoke demon
 12979 | Volcano  | Killed a salamander
 12982 | Volcano  | Killed a salamander
 12982 | Volcano  | Killed a salamander
 12984 | Volcano  | Killed a cyclops
 12987 | Volcano  | Noticed an apocalypse crab
 12991 | Volcano  | Killed a gargoyle
 13043 | Volcano  | Noticed a large abomination
 13059 | Volcano  | Killed a gargoyle
 13069 | Volcano  | Killed a gargoyle
 13081 | Volcano  | Noticed a salamander mystic
 13088 | Volcano  | Killed from afar by a salamander mystic

Illustrated notes

Levels and vault maps discovered:
D:1:      scummos_arrival_checkerplants, layout_loops_ring,
          shapermc_ecumenical_altar_acropolis, minmay_worlds_worst_comb
D:2:      layout_basic
D:3:      layout_loops_ring, st_stairs_6, uniq_robin, uniq_natasha
D:4:      layout_gridville, minmay_temple_entry_mini_moons
D:5:      layout_basic, uniq_ijyb
D:6:      layout_loops_corners, uniq_crazy_yiuf_cottage, uniq_sigmund,
          uniq_grinder, uniq_blork_the_orc
D:7:      gammafunk_cloud_chamber, layout_loops_ring, marbit_many_paths
D:8:      layout_loops_ring, erik_lair_island, serial_shops,
          nicolae_shop_advertising_works [nicolae_subvault_shop_adworks]
D:9:      layout_roguey, kennysheep_generic_room_11
Lair:1:   layout_regular_city, nicolae_volcano_entry_lava_flow,
          ebering_ghost_xom, chequers_serial_rivers_small_3,
          nicolae_lair_lil_pond, minivault_23, amcnicky_altar_lugonu_corruption,
          uniq_harold
Volcano:  hellmonk_zot_springs

Skill      XL: |  1  2  3  4  5  6  7  8  9 10 |
---------------+-------------------------------+-----
Fighting       | 4 5 7 9 10 | 10.0
Long Blades    | 2 4 5 6 |  6.0
Stealth        | 1 4 |  4.6
Armour         | 5 6 7 |  7.0
Shields        | 5 7 |  7.0
Invocations    | 4 |  4.0
Evocations     | 1 6 |  6.0
Throwing       | 2 |  2.0
Staves         | |  2.0

Action                   |  1- 3 |  4- 6 |  7- 9 | 10-12 || total
-------------------------+-------+-------+-------+-------++-------
Melee: Quarterstaff      |    55 |       |       |       ||    55
       Great sword       |    27 |   223 |   194 |   134 ||   578
Throw: Dart              |       |       |     9 |     8 ||    17
Invok: Bend Space        |       |     2 |     1 |     2 ||     5
       Banish            |       |       |     1 |       ||     1
       Corrupt           |       |       |       |     1 ||     1
Evoke: Wand              |       |    16 |     2 |    13 ||    31
  Use: Potion            |       |     5 |       |       ||     5
       Scroll            |       |     6 |     3 |     5 ||    14
 Stab: Distracted        |       |     1 |       |       ||     1
Armor: Scale mail        |    37 |       |       |       ||    37
       Chain mail        |       |   196 |   136 |    98 ||   430
Dodge: Dodged            |    29 |   112 |    99 |    76 ||   316
Block: Buckler           |    15 |    76 |    55 |    50 ||   196
       Tower shield      |       |       |       |     6 ||     6

Table legend: (Time is in decaauts)
 A = Elapsed time spent in this place.
 B = Non-inter-level travel time spent in this place.
 C = Inter-level travel time spent in this place.
 D = Time resting spent in this place.
 E = Time spent auto-exploring this place.
 F = Levels seen in this place.
 G = Mean time per level.
                   A        B        C        D        E       F      G
               +--------+--------+--------+--------+--------+-----+--------+
         Total |  13430 |  13178 |    252 |   4067 |   7004 |  11 | 1220.9 |
       Dungeon |  12936 |  12684 |    252 |   3871 |   6955 |   9 | 1437.3 |
          Lair |    255 |    255 |      0 |    139 |     44 |   1 |  255.0 |
       Volcano |    239 |    239 |      0 |     57 |      5 |   1 |  239.0 |
               +--------+--------+--------+--------+--------+-----+--------+

Top non-repeatable levels by time:
     D:8: 2272 daAuts
     D:4: 1832 daAuts
     D:6: 1814 daAuts
     D:5: 1728 daAuts
     D:7: 1723 daAuts
     D:3: 1607 daAuts
     D:2: 1185 daAuts
     D:1: 764 daAuts
  Lair:1: 255 daAuts
 Volcano: 239 daAuts
     D:9: 8 daAuts
